 Dungeon Crawl Stone Soup version 0.26.0-7-g794d0892b4 (webtiles) character file.

Game seed: 9226121043906597350

2270 prey the Protected (level 9, -11/82 HPs)
             Began as a Minotaur Berserker on Jan 9, 2021.
             Was an Elder of Trog.
             Mangled by a tentacled starspawn (24 damage)
             ... on level 1 of the Abyss on Jan 11, 2021.
             The game lasted 00:30:01 (5261 turns).

prey the Protected (Minotaur Berserker)             Turns: 5261, Time: 00:30:02

Health: -11/82     AC: 10    Str: 23    XL:     9   Next: 16%
Magic:  7/7        EV: 13    Int:  5    God:    Trog [****..]
Gold:   302        SH:  5    Dex: 11    Spells: 8/8 levels left

rFire    . . .     SeeInvis .   a - +2 scimitar (vorpal)
rCold    + . .     Faith    .   (no shield)
rNeg     . . .     Spirit   .   A - +0 scale mail (curse)
rPois    .         Reflect  +   (helmet restricted)
rElec    .         Harm     .   (no cloak)
rCorr    .         Rampage  .   (no gloves)
Will     .....                  K - +0 pair of boots
Stlth    ..........             I - amulet of reflection
HPRegen  0.23/turn              E - ring of protection from cold
MPRegen  0.10/turn              (no ring)

@: no status effects
A: retaliatory headbutt, horns 2, low mp 1
a: Renounce Religion, Berserk, Trog's Hand, Brothers in Arms


You were on level 1 of the Abyss.
You worshipped Trog.
Trog was greatly pleased with you.
You visited 2 branches of the dungeon, and saw 7 of its levels.
You visited the Abyss 1 time.

You collected 302 gold pieces.

Inventory:

Hand Weapons
 a - a +2 vorpal scimitar (weapon)
 j - a -3 spear
 r - a +2 whip of distortion
 x - a +2 dagger of venom
 D - a +1 short sword of holy wrath
 L - a +0 trident
 Q - a +0 long sword
Armour
 b - +0 steam dragon scales
 g - a +1 cloak
 A - a cursed +0 scale mail (worn)
 G - a +0 chain mail
 K - a +0 pair of boots (worn)
Jewellery
 E - a ring of protection from cold (left hand)
 I - an amulet of reflection (around neck)
Wands
 P - a wand of iceblast (6)
Scrolls
 c - 9 scrolls of identify
 e - 5 scrolls of teleportation {unknown}
 f - a scroll of remove curse
 k - 2 scrolls of blinking {unknown}
 n - a scroll of fog {unknown}
 q - 4 scrolls of enchant armour {unknown}
 y - a scroll of immolation {unknown}
 C - a scroll of enchant weapon {unknown}
 M - a scroll of fear {unknown}
 N - a scroll of random uselessness {unknown}
 O - a scroll of noise {unknown}
Potions
 d - 2 potions of flight
 h - 2 potions of heal wounds {unknown}
 i - 2 potions of haste {unknown}
 m - a potion of berserk rage {unknown}
 o - a potion of attraction {unknown}
 v - 2 potions of ambrosia {unknown}
 w - a potion of brilliance {unknown}
 z - 2 potions of resistance
 F - 2 potions of degeneration {unknown}
 H - a potion of cancellation {unknown}
 J - 2 potions of curing {unknown}


   Skills:
 * Level 8.6 Fighting
 - Level 3.6 Axes
 * Level 10.8 Armour
 + Level 5.7 Dodging
 - Level 1.0 Stealth


You had 8 spell levels left.
You didn't know any spells.
Your spell library was empty.

Dungeon Overview and Level Annotations

Branches:
Dungeon (6/15)             Temple (1/1) D:5

Altars:
Ashenzari
Cheibriados
Dithmenos
Elyvilon
Fedhas
Kikubaaqudgha
Makhleb
Nemelex Xobeh
Okawaru
Ru
Trog
Uskayaw
Vehumet
Yredelemnul
Zin

Annotations:
Abyss:1 Menkaure


Innate Abilities, Weirdness & Mutations

You reflexively headbutt those who attack you in melee.
You have a pair of horns on your head.
Your magical capacity is low. (-10% MP)


Message History

A starspawn tentacle comes into view.
You escape the starspawn tentacle's grasp.
The starspawn tentacle grabs you. The starspawn tentacle constricts you.
The starspawn tentacle's grasp on you weakens, but your attempt to escape fails.
The starspawn tentacle loses its grip on you.
The tentacle pulls you backwards!
The starspawn tentacle barely misses you.
The starspawn tentacle grabs you.
* * * LOW HITPOINT WARNING * * *
The starspawn tentacle constricts you.
The starspawn tentacle loses its grip on you.
The tentacle pulls you backwards!
Tentacles burst from the starspawn's body! 2 starspawn tentacles come into view.
A small abomination comes into view.
You start putting on your armour.
You continue putting on your glowing cloak. x4
The small abomination barely misses you.
The tentacled starspawn bites you!!
You die...

# ...#. X.. . ..
#.###..# #.w## .#
.#.. . # ###...# #
.# .......... ..#
.#.##.##.. ##
##.##
....#..#.##.#. #
#.##..#..## ##.#..
#...x#####....#...
. #.#@X..##..
#.....
#.#...#..#.# ###
#. ##.#..## ##
#.##### ##


You could see a tentacled starspawn and a small abomination.

Vanquished Creatures
  Maggie (D:6)
  A hornet (D:6)
  A large abomination (Abyss:1)
  Sigmund (D:3)
  The ghost of Morgon the Cudgeller, an amateur TrGl (D:3)
  A neqoxec (Abyss:1)
  A sky beast (D:5)
  An ice beast (D:5)
  3 ogres
  A centaur (D:5)
  A scorpion (D:4)
  2 howler monkeys (D:5)
  2 bullfrog skeletons (D:4)
  An orc priest (D:3)
  A hound (D:5)
  2 orc wizards (D:4)
  3 worker ants
  5 gnolls
  6 adders
  A shadow imp (D:4)
  3 oozes
  An adder zombie (D:4)
  A worm (D:2)
  5 leopard geckos
  9 orcs
  7 bats
  A giant cockroach (D:5)
  6 goblins
  5 hobgoblins
  10 jackals
  9 kobolds
  6 quokkas
  2 ball pythons
  5 frilled lizards
  11 rats
117 creatures vanquished.

Vanquished Creatures (others)
  54 plants (D:2)
  4 starspawn tentacles (Abyss:1)
58 creatures vanquished.

Grand Total: 175 creatures vanquished

Notes
Turn   | Place    | Note
-------+----------+-------------------------------------------
     0 | D:1      | prey the Minotaur Berserker began the quest for the Orb.
     0 | D:1      | Reached XP level 1. HP: 19/19 MP: 0/0
   506 | D:1      | Reached XP level 2. HP: 26/27 MP: 1/1
   518 | D:1      | Found an iron altar of Okawaru.
   636 | D:2      | Found a basalt altar of Yredelemnul.
   699 | D:2      | Found a white marble altar of Elyvilon.
   750 | D:2      | Reached XP level 3. HP: 26/34 MP: 2/2
   807 | D:2      | Reached skill level 3 in Armour
   846 | D:2      | Reached ** piety under Trog
  1586 | D:2      | Reached skill level 5 in Fighting
  1586 | D:2      | Reached XP level 4. HP: 30/42 MP: 3/3
  1731 | D:2      | Reached skill level 4 in Armour
  1922 | D:2      | Upgraded the game from 0.26-b1-59-ge38874ec40 to
                  | 0.26.0-7-g794d0892b4
  2110 | D:3      | Noticed Sigmund
  2127 | D:3      | Killed Sigmund
  2128 | D:3      | Reached skill level 5 in Armour
  2128 | D:3      | Reached XP level 5. HP: 32/48 MP: 4/4
  2128 | D:3      | Reached XP level 6. HP: 37/56 MP: 5/5
  2404 | D:3      | Reached skill level 6 in Armour
  2642 | D:3      | Found a large runed translucent door.
  2642 | D:3      | Found a large runed translucent door.
  2655 | D:3      | Noticed Morgon's ghost (amateur TrGl)
  2677 | D:3      | Killed Morgon's ghost
  2678 | D:3      | Reached skill level 1 in Stealth
  2725 | D:3      | Reached skill level 7 in Armour
  2725 | D:3      | Reached XP level 7. HP: 47/62 MP: 6/6
  2801 | D:3      | Found a snail-covered altar of Cheibriados.
  2823 | D:3      | Found a hide-covered altar of Uskayaw.
  2841 | D:3      | Reached *** piety under Trog
  2935 | D:3      | Found a radiant altar of Vehumet.
  3493 | D:4      | Reached skill level 8 in Armour
  3887 | D:4      | Found a burning altar of Makhleb.
  4026 | D:5      | Entered Level 5 of the Dungeon
  4097 | D:5      | Found a staircase to the Ecumenical Temple.
  4122 | D:5      | Reached skill level 9 in Armour
  4122 | D:5      | Reached XP level 8. HP: 38/71 MP: 7/7
  4410 | D:5      | Noticed Menkaure
  4419 | D:5      | Banished Menkaure
  4551 | Temple   | Entered the Ecumenical Temple
  4808 | D:5      | Reached skill level 10 in Armour
  5004 | D:6      | Noticed a hornet
  5008 | D:6      | Killed a hornet
  5009 | D:6      | Reached skill level 5 in Dodging
  5067 | D:6      | Noticed Maggie
  5093 | D:6      | Killed Maggie
  5094 | D:6      | Reached XP level 9. HP: 66/81 MP: 8/8
  5097 | D:6      | Cast into level 1 of the Abyss (unwielding a weapon of
                  | distortion)
  5164 | Abyss:1  | Found a corrupted altar of Lugonu.
  5198 | Abyss:1  | Gained mutation: Your magical capacity is low. (-10% MP) [a
                  | neqoxec]
  5219 | Abyss:1  | Reached **** piety under Trog
  5234 | Abyss:1  | Noticed a tentacled starspawn
  5261 | Abyss:1  | Mangled by a tentacled starspawn

Illustrated notes

Levels and vault maps discovered:
D:1:      eino_arrival_water_cross, layout_rooms,
          hangedman_decor_clover_reticule, serial_bayou_pond_c,
          okawaru_ov_weapons_minmay
D:2:      wad_woods_tower, layout_basic, kennysheep_ying_yang
D:3:      layout_loops_ring, fiery_altar_vehumet, lemuel_round_altar,
          cheibriados_altar_1, ebering_ghost_disaster_area,
          minmay_fractal_squares_gapless_5, uniq_sigmund
D:4:      layout_gridville, makhleb_grotto_becter
D:5:      layout_basic, temple_pool_b, uniq_menkaure
D:6:      layout_loops_corners, marbit_many_paths, uniq_maggie,
          uniq_blork_the_orc
Temple:   compressed_dpeg_triangle_lava_temple
Abyss:1:  base: D:6, abyss_furniture_001

Skill      XL: |  1  2  3  4  5  6  7  8 |
---------------+-------------------------+-----
Fighting       | 4 5 6 8 |  8.6
Armour         | 3 5 7 9 10 | 10.8
Dodging        | 3 4 5 |  5.7
Stealth        | 1 |  1.0
Axes           | |  3.6

Action                   |  1- 3 |  4- 6 |  7- 9 || total
-------------------------+-------+-------+-------++-------
Melee: Spear             |    99 |     1 |       ||   100
       Hand axe          |     4 |       |       ||     4
       Headbutt          |    16 |    12 |    29 ||    57
       Whip              |       |    79 |   133 ||   212
       Scimitar          |       |       |    13 ||    13
Invok: Berserk           |     1 |     2 |     4 ||     7
       Trog's Hand       |       |     1 |     1 ||     2
  Use: Scroll            |     2 |     1 |       ||     3
Armor: Ring mail         |    33 |    25 |       ||    58
       Scale mail        |       |     2 |    49 ||    51
Dodge: Dodged            |    40 |    44 |    67 ||   151
Block: Other             |       |       |    10 ||    10
       Rpst.: Scimitar   |       |       |     1 ||     1
